 Dungeon Crawl Stone Soup version 0.15.0-23-gc2b521c (webtiles) character file.

44 Johnny the Charmwright (level 3, 0/28 HPs)
             Began as a Formicid Skald on Sept 8, 2014.
             Slain by an adder (1 damage)
             ... on Level 2 of the Dungeon.
             The game lasted 00:02:17 (895 turns).

Johnny the Charmwright (Formicid Skald)              Turns: 895, Time: 00:02:17

HP   0/28        AC  8     Str 18 (21) XL: 3   Next: 85%
MP   5/7         EV  6     Int 11      God:
Gold 51          SH  3     Dex  9      Spells:  1 memorised,  5 levels left

rFire  . . .     SeeInvis +     a - +0 hand axe
rCold  . . .     Clarity  .     g - +0 chain mail
rNeg   . . .     rCorr    .     j - +0 buckler
rPois  .         rRot     .     (helmet unavailable)
rElec  .         Spirit   .     (no cloak)
SustAb .         Warding  .     (no gloves)
rMut   .         Stasis   +     (no boots)
Gourm  .                        (no amulet)
MR     .....                    (no ring)
                                (no ring)

@: mighty, lethally poisoned, very slightly contaminated, not resistant to
hostile enchantments, extremely unstealthy
A: permanent stasis, dig shafts and tunnels, four strong arms, antennae 3,
blurry vision 1, clumsy 1
a: Dig, Shaft Self


You were on level 2 of the Dungeon.
You were not hungry.

You visited 1 branch of the dungeon, and saw 2 of its levels.

You collected 51 gold pieces.

Inventory:

Hand weapons
 a - a +0 hand axe (weapon)
Armour
 g - a +0 chain mail (worn)
 j - a +0 buckler (worn)
 m - a +1 hat
Comestibles
 d - a bread ration
 o - a meat ration
Scrolls
 b - a scroll of amnesia {unknown}
 e - a scroll of blinking {unknown}
 f - 2 scrolls of teleportation {unknown}
 i - 2 scrolls of noise {unknown}
 l - a scroll of enchant armour {unknown}
 p - a scroll of identify {unknown}
 q - a scroll of fear {unknown}
Potions
 h - a potion of mutation
 k - a potion of degeneration
Books
 c - a book of Battle

   Spells                             Type                      Level
   *Infusion                          Charms                       1
   Shroud of Golubria                 Charms/Translocation         2
   Song of Slaying                    Charms                       2
   Spectral Weapon                    Hexes/Charms                 3
   Regeneration                       Charms/Necromancy            3


   Skills:
 * Level 2.9 Fighting
 * Level 2.1 Axes
 * Level 1.5 Armour
 * Level 1.6 Dodging
 * Level 0.5 Shields
 * Level 2.3 Spellcasting
 * Level 3.2 Charms


You had 5 spell levels left.
You knew the following spells:

 Your Spells              Type           Power        Failure   Level  Hunger
a - Infusion              Chrm           #.....       100%        1    ##.....


Dungeon Overview and Level Annotations

Branches:
Dungeon (2/15)

Altars:


Innate Abilities, Weirdness & Mutations

Your are under a permanent stasis effect.
You can dig through walls and to a lower floor.
Your four strong arms can wield two-handed weapons with a shield.
You have a pair of large antennae on your head (SInv).
Your vision is a little blurry.
You are clumsy. (Dex -2)


Message History

It was a potion of degeneration.
* * * LOW HITPOINT WARNING * * *
You feel sick. The adder bites you but does no damage.
Drink which item? (? for menu, Esc to quit)
You feel extremely strange.
Your vision blurs.
You feel clumsy.
It was a potion of mutation.
* * * LOW HITPOINT WARNING * * *
You feel sick. The adder bites you but does no damage. The adder bites you.
* * * LOW HITPOINT WARNING * * *
Drink which item? (? for menu, Esc to quit)
You feel very mighty all of a sudden.
It was a potion of might.
* * * LOW HITPOINT WARNING * * *
You feel sick. The adder bites you but does no damage.
You miss the adder.
The adder is severely wounded.
* * * LOW HITPOINT WARNING * * *
You feel sick. The adder bites you.
You die...

#.....###.####.# #
#.# #......
...##.(.....##..
....# ####...
##.##.#####.####
.#### #.#.
#.##.#####.## ##.#
#.#. .
#.##.....###..###
#.##
#.##.##.........# .
#............##.#
####.##...##.##.#.###
# ###...@S......#
#..#....#.#!#
#.......# ##.#...##
#......# #......#
##.....# #.....# .$.


You could see an adder.

Vanquished Creatures
  2 gnolls (D:1)
  An ooze (D:2)
  A ball python (D:1)
  2 giant cockroaches
  2 goblins (D:1)
  5 hobgoblins
  2 kobolds
  4 bats
  A giant newt (D:1)
  3 rats
23 creatures vanquished.

Notes
Turn   | Place    | Note
--------------------------------------------------------------
     0 | D:1      | Johnny, the Formicid Skald, began the quest for the Orb.
     0 | D:1      | Reached XP level 1. HP: 16/16 MP: 3/3
    88 | D:1      | Reached skill level 1 in Dodging
   240 | D:1      | Reached XP level 2. HP: 20/23 MP: 5/5
   375 | D:1      | Reached XP level 3. HP: 28/28 MP: 7/7
   893 | D:2      | Gained mutation: Your vision is a little blurry. [potion of mutation]
   893 | D:2      | Gained mutation: You are clumsy. (Dex -2) [potion of mutation]
   895 | D:2      | HP: 1/28 [poisoned by an adder]
   895 | D:2      | Slain by an adder

Action                   || total
-------------------------++-------
Melee: Hand axe          ||   111
 Cast: Infusion          ||     1
  Use: Potion            ||     3
